 Dungeon Crawl Stone Soup version 0.32-a0-612-g1c984fe9d1 (webtiles) character file.

Game seed: 12824926198905310388

22514 miscthings the Skirmisher (level 13, -3/92 HPs)
             Began as a Coglin Alchemist on Mar 5, 2024.
             Was an Initiate of Gozag.
             Slain by a cane toad (16 damage)
             ... on level 3 of the Lair of Beasts.
             The game lasted 00:40:09 (12852 turns).

miscthings the Skirmisher (Coglin Alchemist)       Turns: 12852, Time: 00:40:10

Health: -3/92      AC:  8    Str: 12    XL:     13   Next: 0%
Magic:  20/20      EV: 13    Int: 20    God:    Gozag
Gold:   987        SH:  0    Dex: 14    Spells: 8/22 levels left

rFire   . . .        t - +7 shortbow of Tomorrow {flame, rN+ Will+ Int+3}
rCold   . . .        (shield currently unavailable)
rNeg    + . .        I - +1 leather armour {Will+}
rPois   .            a - +0 helmet
rElec   .            O - +0 cloak
rCorr   .            (no gloves)
SInv    .            l - +0 pair of boots
Will    ++...        (amulet unavailable)
Stlth   ++           (ring unavailable)
HPRegen 0.35/turn    (ring unavailable)
MPRegen 0.17/turn    (no gizmo)

%: no passive effects
@: lethally poisoned (-3 -> -34), revved
A: off-hand wielding, slow wielding, warmup strikes, no jewellery
a: Invent Gizmo, Renounce Religion, Potion Petition, Call Merchant, Bribe Branch


You were on level 3 of the Lair of Beasts.
You worshipped Gozag.
Gozag was pleased with you.
You visited 3 branches of the dungeon, and saw 15 of its levels.
You also visited: Ossuary.

You collected 2788 gold pieces.
You spent 168 gold pieces at shops.
You paid 1633 gold pieces to Gozag.

Inventory:

Hand Weapons
 c - a +0 heavy sling {Aula}
 f - a +1 sling of freezing {Jubei}
 i - a +0 dagger of holy wrath
 t - the +7 shortbow of Tomorrow (weapon) {flame, rN+ Will+ Int+3}
   (You bought it in a shop on level 3 of the Dungeon)

   Int+3:     It affects your intelligence (+3).
   rN+:       It protects you from negative energy.
   Will+:     It increases your willpower.
 y - a +2 short sword of venom
 G - a +3 falchion of flaming
Missiles
 J - a curare-tipped dart
Armour
 a - a +0 helmet (worn)
 l - a +0 pair of boots (worn)
 A - the +3 leather armour of Lixeapith {rN++ Will-}
   (You found it on level 2 of the Lair of Beasts)

   rN++:      It greatly protects you from negative energy.
   Will-:     It decreases your willpower.
 C - a +0 buckler
 I - a +1 leather armour of willpower (worn)
 O - a +0 cloak (worn)
 R - a +1 robe of resistance
Wands
 e - a wand of iceblast (11)
 x - a wand of flame (14)
 F - a wand of mindburst (7)
 N - a wand of paralysis (10)
Scrolls
 m - a scroll of blinking
 q - 3 scrolls of fear
 r - a scroll of enchant weapon
 s - 2 scrolls of vulnerability
 u - 6 scrolls of teleportation
 D - a scroll of immolation
 E - 3 scrolls of poison
 H - a scroll of fog {unknown}
 M - 4 scrolls of amnesia
Potions
 b - a potion of magic
 d - 5 potions of curing
 h - 3 potions of lignification
 j - a potion of might
 k - a potion of attraction
 n - 4 potions of cancellation
 o - 2 potions of invisibility
 p - a potion of brilliance
 v - 2 potions of resistance
 w - a potion of ambrosia
 z - 2 potions of berserk rage
 K - 2 potions of heal wounds
 P - a potion of haste
 Q - a potion of mutation
Miscellaneous
 g - a lightning rod (inert)


   Skills:
 + Level 5.5 Fighting
 - Level 14.0 Ranged Weapons
 + Level 5.0 Armour
 + Level 5.2 Dodging
 - Level 1.5 Stealth
 + Level 5.1 Spellcasting
 + Level 5.4 Conjurations
 + Level 7.2 Alchemy
 + Level 7.0 Evocations


You had 8 spell levels left.
You knew the following spells:

 Your Spells              Type           Power      Damage    Failure   Level
a - Sting                 Conj/Alch      100%       1d9       1%          1
b - Mercury Vapours       Alch/Air       38%        N/A       4%          2
c - Mephitic Cloud        Conj/Alch/Air  22%        N/A       8%          3
d - Olgreb's Toxic Radia  Alch           34%        N/A       8%          4
e - Sticky Flame          Fire/Alch      19%        2d6       32%         4

Your spell library contained the following spells:

 Spells                   Type           Power      Damage    Failure   Level
 Fulminant Prism          Conj/Alch      15%        3d10      11%         4
 Scorch                   Fire           10%        2d5       22%         2
 Inner Flame              Hex/Fire       5%         N/A       41%         3
 Volatile Blastmotes      Fire/Tloc      10%        2d10      41%         3
 Iskenderun's Mystic Bla  Conj/Tloc      15%        2d5       43%         4
 Summon Blazeheart Golem  Fire/Summ      5%         N/A       82%         4
 Starburst                Conj/Fire      7%         6d4       100%        6
 Orb of Destruction       Conj           13%        9d7       100%        7
 Spellforged Servitor     Conj/Summ      7%         N/A       100%        7
 Ignition                 Fire           2%         3d3       100%        8


Dungeon Overview and Level Annotations

Branches:
Dungeon (11/15)            Temple (1/1) D:6            Lair (3/5) D:10
 Shoals (0/4) Lair:2        Snake (0/4) Lair:2      Ossuary (visited)
    Orc: D:9-12

Altars:
Ashenzari
Cheibriados
Dithmenos
Elyvilon
Fedhas
Gozag
Hepliaklqana
Kikubaaqudgha
Makhleb
Nemelex Xobeh
Okawaru
Qazlal
Ru
Sif Muna
Trog
Uskayaw
Vehumet
Wu Jian
Xom
Yredelemnul
Zin
The Shining One

Shops:
D:3 (   D:6 (   D:9 (   Lair:2 *

Portals:
Abyss: D:5

Annotations:
D:5 2 transporters, dogverified's ghost, novice MfIE
Lair:2 2 transporters, exclusion: oklob plant, hikkokomori's ghost, journeyman CoHu


Innate Abilities, Weirdness & Mutations

You can wield a second weapon in your off-hand.
It takes a long time for you to wield or remove held weapons.
Your first few attacks do less damage.
You cannot equip rings or amulets.


Message History

You shoot an arrow.
The arrow completely misses the cane toad.
You feel sick. The cane toad misses you.
You shoot an arrow. The arrow barely misses the cane toad.
You feel sick. The cane toad stings you.
You are more poisoned.
The cane toad poisons you!
You are too injured to fight recklessly!
You are too injured to fight recklessly!
You are too injured to fight recklessly!
You are too injured to fight recklessly!
Fire: t) +7 shortbow of Tomorrow {flame, rN+ Will+ Int+3}
Press: ? - help, Q - select action, (/) - cycle Shift-Dir - straight line, f/p - cane toad
Aim: a cane toad (severely wounded, 76% to hit)
You shoot an arrow. The arrow hits the cane toad!
The arrow burns the cane toad.
The cane toad is almost dead.
You feel very sick. The cane toad stings you!
You are lethally poisoned!
The cane toad poisons you!
Fire: t) +7 shortbow of Tomorrow {flame, rN+ Will+ Int+3}
Press: ? - help, Q - select action, (/) - cycle Shift-Dir - straight line, f/p - cane toad
Aim: a cane toad (almost dead, 76% to hit)
You shoot an arrow. The arrow closely misses the cane toad.
* * * LOW HITPOINT WARNING * * *
You feel extremely sick. The cane toad stings you.
* * * LOW HITPOINT WARNING * * *
Fire: t) +7 shortbow of Tomorrow {flame, rN+ Will+ Int+3}
Press: ? - help, Q - select action, (/) - cycle Shift-Dir - straight line, f/p - cane toad
Aim: a cane toad (almost dead, 76% to hit)
You shoot an arrow. The arrow hits the cane toad.
The arrow burns the cane toad.
The cane toad is almost dead.
* * * LOW HITPOINT WARNING * * *
You feel very sick. The cane toad stings you!
You die...
Your body crumbles into a pile of gold.

######### #. ###.#P##..# ##
###. ### ###.........# #.
##P#.##.###.##.........####
#..........###...........#.
.+........#....'.........#..
#.........F@..##...........#
#.........#####........#...
#........#.# #........+.##
######.+#### #........###
#P.# ####..+### ###..#
##...# #..F#.# ###..#
#..#### #... #.#. ....#


You could see a cane toad.

Vanquished Creatures
  A hydra (Lair:2)
  2 boulder beetles
  Erica (D:8)
  A two-headed ogre (D:11)
  2 cyclopes
  A merfolk siren (Lair:2)
  A black mamba (Lair:2)
  A torpor snail (Lair:2)
  A gargoyle (D:10)
  3 cane toads (Lair:1)
  2 komodo dragons
  3 rime drakes
  A hornet (D:11)
  8 blink frogs
  3 trolls (D:11)
  A polar bear (Lair:2)
  A wraith (D:10)
  2 basilisks
  34 yaks
  A steam dragon (Lair:2)
  2 vampire mosquitoes (D:10)
  Grum (D:8)
  2 nagas (Lair:2)
  2 acid dragons
  9 water moccasins
  A sky beast (D:7)
  An orc warrior (D:10)
  A black bear (D:6)
  6 ice beasts
  An ogre (D:5)
  15 wolves
  5 centaurs
  A phantom (D:6)
  3 kobold brigands
  10 bullfrogs
  A scorpion (D:5)
  2 gnoll sergeants (D:9)
  6 wights
  9 killer bees
  3 howler monkeys (D:8)
  An electric eel (Lair:1)
  2 bombardier beetles
  3 centaur zombies (Ossuary)
  A bullfrog zombie (Ossuary)
  5 hounds
  5 jellies
  3 orc priests
  A sleepcap (D:4)
  7 orc wizards
  2 iguanas
  12 gnolls
  7 adders
  2 shadow imps
  2 white imps
  4 ufetubi
  4 adder zombies (Ossuary)
  2 dart slugs (D:5)
  3 ribbon worms
  32 orcs
  3 ball pythons
  3 endoplasms
  2 giant cockroaches
  10 goblins
  10 hobgoblins
  2 jackals (D:3)
  A quokka (D:1)
  4 bats
  A frilled lizard (D:2)
  2 gnoll zombies (Ossuary)
  4 goblin zombies (Ossuary)
  8 hobgoblin zombies (Ossuary)
  24 kobolds
  3 orc zombies (Ossuary)
326 creatures vanquished.

Notes
Turn   | Place    | Note
-------+----------+-------------------------------------------
     0 | D:1      | miscthings the Coglin Alchemist began the quest for the
                  | Orb.
     0 | D:1      | Reached XP level 1. HP: 13/13 MP: 3/3
    60 | D:1      | Reached skill level 1 in Conjurations
   132 | D:1      | Reached XP level 2. HP: 16/19 MP: 1/5
   713 | D:2      | Learned a level 2 spell: Mercury Vapours
   850 | D:2      | Reached XP level 3. HP: 24/24 MP: 6/6
  1412 | D:3      | Reached XP level 4. HP: 13/30 MP: 5/7
  1482 | D:3      | Reached skill level 1 in Ranged Weapons
  1556 | D:3      | Found Xum Cian's Antique Weapon Shop.
  2050 | D:4      | Learned a level 3 spell: Mephitic Cloud
  2059 | D:4      | Reached skill level 2 in Ranged Weapons
  2062 | D:4      | Reached XP level 5. HP: 35/35 MP: 2/8
  2089 | D:4      | Found a sand-covered staircase.
  2099 | Ossuary  | Entered an ossuary
  2109 | Ossuary  | Reached skill level 3 in Ranged Weapons
  2198 | Ossuary  | Reached skill level 4 in Ranged Weapons
  2198 | Ossuary  | Reached XP level 6. HP: 30/41 MP: 9/9
  2341 | Ossuary  | Noticed a silent spectre
  2425 | D:5      | Entered Level 5 of the Dungeon
  2502 | D:3      | Bought a steaming shortbow for 168 gold pieces
  2502 | D:3      | Identified the +7 shortbow of Tomorrow {flame, rN+ Will+
                  | Int+3} (You bought it in a shop on level 3 of the Dungeon)
  2592 | D:4      | Reached skill level 5 in Ranged Weapons
  2626 | D:5      | Found a one-way gate to the infinite horrors of the Abyss.
  2626 | D:5      | Noticed dogverified's ghost (novice MfIE)
  2702 | D:5      | Found a transporter.
  2788 | D:5      | Reached XP level 7. HP: 46/46 MP: 10/10
  2807 | D:5      | Found a transporter.
  2901 | D:5      | Reached skill level 6 in Ranged Weapons
  3108 | D:5      | Found a glowing silver altar of Zin.
  3108 | D:5      | Found a blossoming altar of Fedhas.
  3184 | D:6      | Found Repoxog's Antique Weapon Shop.
  3223 | D:6      | Noticed a yak
  3223 | D:6      | Noticed a yak
  3223 | D:6      | Noticed a yak
  3223 | D:6      | Noticed a yak
  3257 | D:6      | Killed a yak
  3258 | D:6      | Reached skill level 7 in Ranged Weapons
  3258 | D:6      | Reached XP level 8. HP: 21/52 MP: 7/11
  3263 | D:6      | Killed a yak
  3266 | D:6      | Reached skill level 8 in Ranged Weapons
  3280 | D:6      | Killed a yak
  3284 | D:6      | Killed a yak
  3285 | D:6      | Reached skill level 9 in Ranged Weapons
  3460 | D:6      | Found a staircase to the Ecumenical Temple.
  3493 | Temple   | Entered the Ecumenical Temple
  3745 | D:6      | Reached XP level 9. HP: 57/57 MP: 12/12
  3763 | D:6      | Found a hide-covered altar of Uskayaw.
  3764 | D:6      | Found a basalt altar of Yredelemnul.
  3764 | D:6      | Found a broken altar of Ashenzari.
  3765 | D:6      | Found an ancient bone altar of Kikubaaqudgha.
  3814 | Temple   | Became a worshipper of Gozag Ym Sagoz the Greedy
  4360 | D:4      | Reached skill level 10 in Ranged Weapons
  4687 | D:6      | Found a snail-covered altar of Cheibriados.
  4852 | D:6      | Found a shimmering blue altar of Sif Muna.
  5216 | D:7      | Learned a level 4 spell: Olgreb's Toxic Radiance
  5260 | D:7      | Found a white marble altar of Elyvilon.
  5445 | D:7      | Reached skill level 11 in Ranged Weapons
  6400 | D:8      | Noticed Grum
  6411 | D:8      | Killed Grum
  6419 | D:8      | Reached skill level 12 in Ranged Weapons
  6423 | D:8      | Reached XP level 10. HP: 26/63 MP: 13/13
  6620 | D:8      | Noticed Erica
  6673 | D:8      | Killed Erica
  6862 | D:8      | You fall into a shaft and drop 2 floors!
  6862 | D:10     | Entered Level 10 of the Dungeon
  6897 | D:10     | Noticed a gargoyle
  7174 | D:10     | Reached skill level 13 in Ranged Weapons
  7695 | D:9      | Found a bloodstained altar of Trog.
  8513 | D:10     | Reached skill level 14 in Ranged Weapons
  8529 | D:10     | Reached skill level 1 in Evocations
  8531 | D:10     | Reached skill level 1 in Fighting
  8535 | D:10     | Reached skill level 1 in Armour
  8535 | D:10     | Reached XP level 11. HP: 61/70 MP: 7/15
  8566 | D:10     | Found a staircase to the Lair.
  8603 | D:10     | Noticed a cyclops
  8859 | D:10     | Killed a cyclops
  9252 | D:10     | Reached skill level 5 in Alchemy
  9616 | D:11     | Noticed a cyclops
  9619 | D:11     | Noticed a boulder beetle
  9630 | D:11     | Noticed a two-headed ogre
  9635 | D:11     | Killed a cyclops
  9638 | D:11     | Killed a boulder beetle
  9641 | D:11     | Killed a two-headed ogre
 10121 | Lair:1   | Entered Level 1 of the Lair of Beasts
 10193 | Lair:1   | Got the Writings on Pyromancy
 10383 | Lair:1   | Reached XP level 12. HP: 78/83 MP: 18/18
 10426 | Lair:1   | Reached skill level 5 in Evocations
 10742 | Lair:1   | Learned a level 4 spell: Sticky Flame
 11152 | Lair:2   | Noticed a boulder beetle
 11191 | Lair:2   | Killed a boulder beetle
 11271 | Lair:2   | Found a staircase to the Snake Pit.
 11623 | Lair:2   | Identified the +3 arbalest of the Crushed Defenders {flame,
                  | ^Fragile rC+ rCorr Str+7}
 11672 | Lair:2   | Noticed hikkokomori's ghost (journeyman CoHu)
 11699 | Lair:2   | Noticed a seven-headed hydra
 11732 | Lair:2   | Reached skill level 5 in Fighting
 11733 | Lair:2   | Reached skill level 5 in Conjurations
 11901 | Lair:2   | Found a transporter.
 11922 | Lair:2   | Identified the +3 leather armour of Lixeapith {rN++ Will-}
 11979 | Lair:2   | Reached skill level 5 in Dodging
 12258 | Lair:2   | Killed a seven-headed hydra
 12259 | Lair:2   | Reached skill level 5 in Spellcasting
 12307 | Lair:2   | Found a transporter.
 12308 | Lair:2   | Noticed a six-headed hydra
 12554 | Lair:2   | Found a staircase to the Shoals.
 12718 | Lair:3   | Reached skill level 5 in Armour
 12800 | Lair:3   | Reached XP level 13. HP: 92/92 MP: 20/20
 12852 | Lair:3   | Slain by a cane toad

Illustrated notes

Levels and vault maps discovered:
D:1:      wander_arrival_estate, layout_loops_ring
D:2:      layout_basic, serial_bayou_lagoon_a, due_unseen_surprise
D:3:      minmay_skewed_foursquare, layout_basic, serial_shops,
          nicolae_shop_overgrown_old_shop
D:4:      layout_gridville, mainiacjoe_ossuary_entry_dusty_tomb
D:5:      layout_loops_ring, nicolae_overflow_two_pavilions,
          gammafunk_ghost_abyssal_escape
D:6:      layout_gridville, chei_slow_surprise, led_sif_pool,
          chequers_temple_overflow_statue_of_worship, temple_pool_b,
          serial_shops, nicolae_shop_overgrown_old_shop
D:7:      layout_basic, elyvilon_altar_3
D:8:      layout_basic, interstate_on_off, uniq_erica, uniq_grum
D:9:      layout_stronghold, trog_book
D:10:     layout_loops_ring, hellmonk_lair_entry_icy
D:11:     layout_gridville, uniq_maurice
Temple:   hellmonk_temple_forest_ring
Lair:1:   layout_chaotic_city, infiniplex_staircase_pool, grunt_megastairs_4
Lair:2:   layout_chaotic_city, minmay_shoals_entry_lonely_mermaid,
          guppyfry_snake_entry_garden, nzn_ghost_randoct, lemuel_fruit_tree
Lair:3:   layout_roguey, special_room [special_room_mythical_zoo]

Skill      XL: |  1  2  3  4  5  6  7  8  9 10 11 12 13 |
---------------+----------------------------------------+-----
Conjurations   | 1 2 4 5 |  5.4
Spellcasting   | 2 4 5 |  5.1
Alchemy        | 4 5 7 |  7.2
Ranged Weapons | 2 4 5 7 9 12 14 | 14.0
Dodging        | 2 3 5 |  5.2
Evocations     | 1 4 6 7 |  7.0
Fighting       | 1 3 5 |  5.5
Armour         | 1 3 5 |  5.0
Stealth        | |  1.5

Action                     |  1- 3 |  4- 6 |  7- 9 | 10-12 | 13-15 || total
---------------------------+-------+-------+-------+-------+-------++-------
  Melee: Unarmed           |     6 |       |       |       |       ||     6
   Fire: Sling             |    89 |   220 |       |       |       ||   309
         Shortbow          |       |    36 |   288 |   687 |    21 ||  1032
   Cast: Sting             |    24 |     4 |     4 |     5 |       ||    37
         Mercury Vapours   |     3 |     3 |       |       |       ||     6
         Mephitic Cloud    |       |     2 |     4 |    20 |       ||    26
         Olgreb's Toxic Ra |       |       |       |    15 |       ||    15
 Invoke: Call Merchant     |       |       |       |     2 |       ||     2
  Evoke: Wand              |       |       |     4 |    17 |       ||    21
         Lightning rod     |       |       |       |     8 |       ||     8
    Use: Potion            |     2 |       |     6 |     2 |       ||    10
         Scroll            |     4 |     7 |     3 |    10 |       ||    24
   Stab: Sleeping          |     1 |       |       |       |       ||     1
 Armour: Robe              |    31 |    47 |     2 |       |       ||    80
         Skin              |     8 |       |    52 |       |       ||    60
         Leather armour    |       |       |    90 |   180 |     8 ||   278
  Dodge: Dodged            |    36 |    53 |    58 |   136 |     4 ||   287

Table legend: (Time is in decaauts)
 A = Elapsed time spent in this place.
 B = Non-inter-level travel time spent in this place.
 C = Inter-level travel time spent in this place.
 D = Time resting spent in this place.
 E = Time spent auto-exploring this place.
 F = Levels seen in this place.
 G = Mean time per level.
                   A        B        C        D        E       F      G
               +--------+--------+--------+--------+--------+-----+--------+
         Total |  12805 |  12130 |    675 |   2327 |   6747 |  16 |  800.3 |
       Dungeon |   9769 |   9234 |    535 |   1750 |   5252 |  11 |  888.1 |
        Temple |     62 |      3 |     59 |      0 |      0 |   1 |   62.0 |
          Lair |   2658 |   2578 |     80 |    493 |   1452 |   3 |  886.0 |
       Ossuary |    314 |    314 |      0 |     84 |     42 |   1 |  314.0 |
               +--------+--------+--------+--------+--------+-----+--------+

Top non-repeatable levels by time:
  Lair:2: 1574 daAuts
     D:6: 1358 daAuts
     D:7: 1300 daAuts
     D:9: 1129 daAuts
    D:10: 1044 daAuts
  Lair:1: 952 daAuts
     D:3: 852 daAuts
     D:8: 757 daAuts
    D:11: 711 daAuts
     D:1: 696 daAuts
     D:2: 654 daAuts
     D:4: 636 daAuts
     D:5: 628 daAuts
 Ossuary: 314 daAuts
  Lair:3: 132 daAuts
